BSA
CHICAGO MACHINE @ LOS ANGELES BRUINS
07/24/2024
 
TOP OF THE 1ST
Chicago Machine batting - Pitching for Los Angeles Bruins : LHP Ramiro Jiménez
Pitching: LHP Ramiro Jiménez
Batting: LHB Francisco Vega 0-0: Ball
1-0: Ball
2-0: Called Strike
2-1: Foul Ball, location: 2F
2-2: Reached on error, E5 (Groundball, 56S)
Batting: SHB Joaquín López 0-0: Ball
1-0: Foul Ball, location: 2F
1-1: Ball
2-1: Ball
3-1: Foul Ball, location: 2F
3-2: Base on Balls
Batting: LHB Domingo Flores 0-0: Foul Ball, location: 2F
0-1: Ball
1-1: Called Strike
1-2: Foul Ball, location: 2F
1-2: Ball
2-2: Fly out, F8 (Flyball, 8RM)
Batting: LHB Eric Wheeler 0-0: Hit by Pitch
Francisco Vega to third
Joaquín López to second
Batting: LHB Bob Smith 0-0: Ball
1-0: Called Strike
1-1: Ball
2-1: DOUBLE (Line Drive, 8RXD)
Francisco Vega scores
Joaquín López scores
Eric Wheeler to third
Runner from 3rd tries for Home, SAFE, throw made at trailing runner, OUT at third!
Batting: RHB Fabrice Brodeur 0-0: Called Strike
0-1: Foul Ball, location: 2F
0-2: Ball
1-2: SINGLE (Groundball, 6M)
Batting: LHB Marcos Vargas 0-0: Foul Ball, location: 2F
0-1: Ground out 4-3 (Groundball, 4)
Top of the 1st over - 3 run(s), 2 hit(s), 1 error(s), 1 left on base; Chicago 3 - Los Angeles 0
BOTTOM OF THE 1ST
Los Angeles Bruins batting - Pitching for Chicago Machine : RHP Kiyomitsu Fujii
Pitching: RHP Kiyomitsu Fujii
Batting: SHB Ramón Lugo 0-0: Swinging Strike
0-1: Called Strike
0-2: Ball
1-2: Ball
2-2: Foul Ball, location: 2F
2-2: Ball
3-2: Foul Ball, location: 2F
3-2: Foul Ball, location: 2F
3-2: Foul Ball, location: 2F
3-2: Base on Balls
Batting: RHB Tom Doherty 0-0: Called Strike
0-1: Ball
1-1: Swinging Strike
1-2: Grounds into double play, 6-4-3 (Groundball, 6)
Batting: RHB Rubén Calderón 0-0: Ball
1-0: Called Strike
1-1: Ground out 1-3 (Groundball, 23)
Bottom of the 1st over - 0 run(s), 0 hit(s), 0 error(s), 0 left on base; Chicago 3 - Los Angeles 0
TOP OF THE 2ND
Chicago Machine batting - Pitching for Los Angeles Bruins : LHP Ramiro Jiménez
Batting: RHB Edward Young 0-0: Ball
1-0: Swinging Strike
1-1: Ball
2-1: Swinging Strike
2-2: Ground out 6-3 (Groundball, 6M)
Batting: RHB Rick Ayliffe 0-0: Called Strike
0-1: Ball
1-1: Fly out, F4 (Popup, 8RS)
Batting: LHB Francisco Vega 0-0: Called Strike
0-1: Ball
1-1: Swinging Strike
1-2: Fly out, F6 (Line Drive, 6M)
Top of the 2nd over - 0 run(s), 0 hit(s), 0 error(s), 0 left on base; Chicago 3 - Los Angeles 0
BOTTOM OF THE 2ND
Los Angeles Bruins batting - Pitching for Chicago Machine : RHP Kiyomitsu Fujii
Batting: LHB Richard Hunter 0-0: Ball
1-0: SOLO HOME RUN (Flyball, 89XD), Distance : 391 ft
Batting: RHB Morgan Gibbon 0-0: Foul Ball, location: 2F
0-1: Foul Ball, location: 2F
0-2: Ball
1-2: Ground out U3 (Groundball, 3S)
Batting: SHB Miguel González 0-0: Called Strike
0-1: Swinging Strike
0-2: Ground out 4-3 (Groundball, 4M)
Batting: SHB Zach Franks 0-0: Foul Ball, location: 2F
0-1: Ball
1-1: Ground out 4-3 (Groundball, 4)
Bottom of the 2nd over - 1 run(s), 1 hit(s), 0 error(s), 0 left on base; Chicago 3 - Los Angeles 1
TOP OF THE 3RD
Chicago Machine batting - Pitching for Los Angeles Bruins : LHP Ramiro Jiménez
Batting: SHB Joaquín López 0-0: Fly out, F7 (Popup, 6D)
Batting: LHB Domingo Flores 0-0: Ball
1-0: Ball
2-0: Swinging Strike
2-1: Called Strike
2-2: Ball
3-2: Foul Ball, location: 2F
3-2: Strikes out swinging
Batting: LHB Eric Wheeler 0-0: Foul Ball, location: 2F
0-1: Swinging Strike
0-2: Strikes out swinging
Top of the 3rd over - 0 run(s), 0 hit(s), 0 error(s), 0 left on base; Chicago 3 - Los Angeles 1
BOTTOM OF THE 3RD
Los Angeles Bruins batting - Pitching for Chicago Machine : RHP Kiyomitsu Fujii
Batting: LHB Tony Abete 0-0: Ball
1-0: Called Strike
1-1: Foul Ball, location: 2F
1-2: Ball
2-2: Ball
3-2: Foul Ball, location: 2F
3-2: Foul Ball, location: 2F
3-2: Base on Balls
Batting: LHB Luis Sánchez 0-0: Ball
1-0: Ball
2-0: Called Strike
2-1: Ball
3-1: Called Strike
3-2: Foul Ball, location: 2F
3-2: Foul Ball, location: 2F
3-2: Fly out, F9 (Flyball, 89D)
Batting: SHB Ramón Lugo 0-0: Called Strike
0-1: Ball
1-1: Ball
Tony Abete is caught stealing 2nd base
2-1: Ball
3-1: Called Strike
3-2: Ground out 4-3 (Groundball, 4)
Bottom of the 3rd over - 0 run(s), 0 hit(s), 0 error(s), 0 left on base; Chicago 3 - Los Angeles 1
TOP OF THE 4TH
Chicago Machine batting - Pitching for Los Angeles Bruins : LHP Ramiro Jiménez
Batting: LHB Bob Smith 0-0: Ball
1-0: Called Strike
1-1: Ground out 4-3 (Groundball, 4)
Batting: RHB Fabrice Brodeur 0-0: Ball
1-0: DOUBLE (Line Drive, 8RXD)
Batting: LHB Marcos Vargas 0-0: Ball
1-0: Ball
2-0: Ball
3-0: Called Strike
3-1: Called Strike
3-2: Ground out 3-1 (Groundball, 34)
Fabrice Brodeur to third
Batting: RHB Edward Young 0-0: Ball
1-0: Ball
2-0: TRIPLE (Line Drive, 9LM)
Fabrice Brodeur scores
Batting: RHB Rick Ayliffe 0-0: Fly out, F8 (Flyball, 8LXD)
Top of the 4th over - 1 run(s), 2 hit(s), 0 error(s), 1 left on base; Chicago 4 - Los Angeles 1
BOTTOM OF THE 4TH
Los Angeles Bruins batting - Pitching for Chicago Machine : RHP Kiyomitsu Fujii
Batting: RHB Tom Doherty 0-0: Fly out, F8 (Line Drive, 8RM)
Batting: RHB Rubén Calderón 0-0: Ball
1-0: Called Strike
1-1: Ball
2-1: Foul Ball, location: 2F
2-2: Foul Ball, location: 2F
2-2: Ground out 6-3 (Groundball, 6)
Batting: LHB Richard Hunter 0-0: Ball
1-0: Ball
2-0: Foul Ball, location: 2F
2-1: SINGLE (Groundball, 34D)
Batting: RHB Morgan Gibbon 0-0: Ball
1-0: Ball
2-0: Called Strike
2-1: Swinging Strike
2-2: Fly out, F8 (Flyball, 8RM)
Bottom of the 4th over - 0 run(s), 1 hit(s), 0 error(s), 1 left on base; Chicago 4 - Los Angeles 1
TOP OF THE 5TH
Chicago Machine batting - Pitching for Los Angeles Bruins : LHP Ramiro Jiménez
Batting: LHB Francisco Vega 0-0: Ball
1-0: Swinging Strike
1-1: Swinging Strike
1-2: Ball
2-2: Strikes out swinging
Batting: SHB Joaquín López 0-0: Ball
1-0: Ball
2-0: SINGLE (Line Drive, 78S)
Batting: LHB Domingo Flores 0-0: Ball
1-0: Foul Ball, location: 2F
1-1: Ball
2-1: Ball
3-1: Foul Ball, location: 2F
3-2: Foul Ball, location: 2F
3-2: Strikes out swinging
Throwing error on steal attempt, E2
Joaquín López to third
Batting: LHB Eric Wheeler 0-0: Fly out, F8 (Line Drive, 89M)
Top of the 5th over - 0 run(s), 1 hit(s), 1 error(s), 1 left on base; Chicago 4 - Los Angeles 1
BOTTOM OF THE 5TH
Los Angeles Bruins batting - Pitching for Chicago Machine : RHP Kiyomitsu Fujii
Batting: SHB Miguel González 0-0: Foul Ball, location: 2F
0-1: Swinging Strike
0-2: Ball
1-2: Ball
2-2: Ground out 5-3 (Groundball, 5S)
Batting: SHB Zach Franks 0-0: Foul Ball, location: 2F
0-1: Ball
1-1: Called Strike
1-2: Fly out, F6 (Popup, 56)
Batting: LHB Tony Abete 0-0: Called Strike
0-1: Swinging Strike
0-2: Foul Ball, location: 2F
0-2: Ball
1-2: Ball
2-2: Strikes out swinging
Bottom of the 5th over - 0 run(s), 0 hit(s), 0 error(s), 0 left on base; Chicago 4 - Los Angeles 1
TOP OF THE 6TH
Chicago Machine batting - Pitching for Los Angeles Bruins : LHP Ramiro Jiménez
Batting: LHB Bob Smith 0-0: Swinging Strike
0-1: Called Strike
0-2: Ball
1-2: Ground out U3 (Groundball, 3)
Batting: RHB Fabrice Brodeur 0-0: Ball
1-0: Fly out, F8 (Flyball, 8RM)
Batting: LHB Marcos Vargas 0-0: Ball
1-0: Ball
2-0: DOUBLE (Flyball, 89XD)
Batting: RHB Edward Young 0-0: Swinging Strike
0-1: Ground out 5-3 (Groundball, 56)
Top of the 6th over - 0 run(s), 1 hit(s), 0 error(s), 1 left on base; Chicago 4 - Los Angeles 1
BOTTOM OF THE 6TH
Los Angeles Bruins batting - Pitching for Chicago Machine : RHP Kiyomitsu Fujii
Batting: LHB Luis Sánchez 0-0: Fly out, F3 (Popup, 34)
Batting: SHB Ramón Lugo 0-0: Called Strike
0-1: Fly out, F8 (Flyball, 8RM)
Batting: RHB Tom Doherty 0-0: Foul Ball, location: 2F
0-1: Ball
1-1: Ball
2-1: Called Strike
2-2: Ball
3-2: Ground out 6-3 (Groundball, 6S)
Bottom of the 6th over - 0 run(s), 0 hit(s), 0 error(s), 0 left on base; Chicago 4 - Los Angeles 1
TOP OF THE 7TH
Chicago Machine batting - Pitching for Los Angeles Bruins : LHP Ramiro Jiménez
Batting: RHB Rick Ayliffe 0-0: Fly out, F7 (Flyball, 78S)
Batting: LHB Francisco Vega 0-0: Ball
1-0: Swinging Strike
1-1: Ball
2-1: Swinging Strike
2-2: Fly out, F7 (Popup, 6)
Batting: SHB Joaquín López 0-0: Ball
1-0: Ball
2-0: Ground out 4-3 (Groundball, 4)
Top of the 7th over - 0 run(s), 0 hit(s), 0 error(s), 0 left on base; Chicago 4 - Los Angeles 1
BOTTOM OF THE 7TH
Los Angeles Bruins batting - Pitching for Chicago Machine : RHP Kiyomitsu Fujii
Pitching: RHP José García
Batting: RHB Rubén Calderón 0-0: Called Strike
0-1: Ball
1-1: Ball
2-1: Called Strike
2-2: Ball
3-2: Fly out, F7 (Flyball, 78S)
Batting: LHB Richard Hunter 0-0: Ball
1-0: SINGLE (Groundball, 34D)
Batting: RHB Morgan Gibbon 0-0: Called Strike
0-1: Ball
1-1: Ground out 4-3 (Groundball, 4M)
Richard Hunter to second
Batting: SHB Miguel González 0-0: Called Strike
0-1: Ball
1-1: Swinging Strike
1-2: Ground out 6-3 (Groundball, 6)
Bottom of the 7th over - 0 run(s), 1 hit(s), 0 error(s), 1 left on base; Chicago 4 - Los Angeles 1
TOP OF THE 8TH
Chicago Machine batting - Pitching for Los Angeles Bruins : LHP Ramiro Jiménez
Pitching: RHP Mike Fisher
Batting: LHB Domingo Flores 0-0: Called Strike
0-1: Foul Ball, location: 2F
0-2: Foul Ball, location: 2F
0-2: Ball
1-2: Strikes out swinging
Batting: LHB Eric Wheeler 0-0: Fly out, F6 (Line Drive, 6)
Batting: LHB Bob Smith 0-0: Called Strike
0-1: Fly out, F9 (Line Drive, 9LS)
Top of the 8th over - 0 run(s), 0 hit(s), 0 error(s), 0 left on base; Chicago 4 - Los Angeles 1
BOTTOM OF THE 8TH
Los Angeles Bruins batting - Pitching for Chicago Machine : RHP José García
Now at 1B: Derek Ramsey
Batting: SHB Zach Franks 0-0: Called Strike
0-1: Ball
1-1: Fly out, F9 (Popup, 34D)
Batting: LHB Tony Abete 0-0: Ball
1-0: Ball
2-0: Ball
3-0: Called Strike
3-1: Base on Balls
Pitching: RHP César Menéndez
Batting: LHB Luis Sánchez 0-0: Foul Ball, location: 2F
0-1: Ball
1-1: Ball
2-1: Ball
3-1: Foul Ball, location: 2F
3-2: Strikes out looking
Batting: SHB Ramón Lugo 0-0: Ball
1-0: Ball
2-0: Foul Ball, location: 2F
2-1: Ground out 4-3 (Groundball, 4)
Bottom of the 8th over - 0 run(s), 0 hit(s), 0 error(s), 1 left on base; Chicago 4 - Los Angeles 1
TOP OF THE 9TH
Chicago Machine batting - Pitching for Los Angeles Bruins : RHP Mike Fisher
Pitching: RHP Joe Cameron
Batting: RHB Fabrice Brodeur 0-0: Bunted foul
0-1: Called Strike
0-2: Ground out 4-3 (Groundball, 4)
Batting: LHB Marcos Vargas 0-0: Foul Ball, location: 2F
0-1: Ground out 4-3 (Groundball, 4)
Batting: RHB Edward Young 0-0: Ground out 3-1 (Groundball, 34)
Top of the 9th over - 0 run(s), 0 hit(s), 0 error(s), 0 left on base; Chicago 4 - Los Angeles 1
BOTTOM OF THE 9TH
Los Angeles Bruins batting - Pitching for Chicago Machine : RHP César Menéndez
Pitching: LHP Valentín Reséndez
Batting: RHB Tom Doherty 0-0: Fly out, F9 (Flyball, 9D)
Batting: RHB Rubén Calderón 0-0: Ball
1-0: Ball
2-0: Ball
3-0: Called Strike
3-1: SOLO HOME RUN (Flyball, 7D), Distance : 446 ft
Batting: LHB Richard Hunter 0-0: Called Strike
0-1: Ball
1-1: SINGLE (Groundball, 56D)
Batting: RHB Morgan Gibbon 0-0: Ball
1-0: Ball
2-0: Called Strike
2-1: Foul Ball, location: 2F
2-2: Fly out, F9 (Flyball, 9M)
Pinch Hitting: RHB Shih-k'ai Huang 0-0: Ball
1-0: Ground out 1-3 (Groundball, 15S)
Bottom of the 9th over - 1 run(s), 2 hit(s), 0 error(s), 1 left on base; Chicago 4 - Los Angeles 2
This league is powered by Out of the Park Baseball, the baseball management simulation game for PC, Mac and Linux
Saturday, April 9th, 2016 - OOTP Baseball 16.8 Build 38